 Dungeon Crawl Stone Soup version 0.24-a0-535-gbb0d440638 (webtiles) character file.

Game seed: 17451893771018879140

60 Gynju the Sneak (level 4, -2/21 HPs)
             Began as a Vine Stalker Enchanter on Aug 9, 2019.
             Slain by a gnoll
             ... wielding a cursed +0 club
              (9 damage)
             ... on level 2 of the Dungeon.
             The game lasted 00:02:48 (1828 turns).

Gynju the Sneak (Vine Stalker Enchanter)            Turns: 1828, Time: 00:02:49

Health: -2/21      AC:  2    Str: 11    XL:     4   Next: 4%
Magic:  0/9        EV: 12    Int: 15    God:
Gold:   58         SH:  0    Dex: 15    Spells: 4/8 levels left

rFire    . . .     SeeInvis .   a - +1 dagger
rCold    . . .     Gourm    .   (no shield)
rNeg     . . .     Faith    .   b - +0 robe
rPois    .         Spirit   +   (no helmet)
rElec    .         Reflect  .   (no cloak)
rCorr    .         Harm     .   (no gloves)
MR       .....                  (no boots)
Stlth    +++.......             (no amulet)
HPRegen  0.47/turn              (no ring)
MPRegen  0.11/turn              (no ring)

@: no status effects
A: fangs 2, regeneration 1, magic shield, antimagic bite, no potion heal 3, rot
immunity
a: no special abilities


You were on level 2 of the Dungeon.
You were not hungry.

You visited 1 branch of the dungeon, and saw 2 of its levels.

You collected 58 gold pieces.

Inventory:

Hand Weapons
 a - a +1 dagger (weapon)
 e - a +1 hunting sling of velocity
Armour
 b - a +0 robe (worn)
Jewellery
 i - an uncursed amulet of guardian spirit {unknown}
Scrolls
 c - 2 scrolls of amnesia {unknown}
 j - a scroll of enchant armour {unknown}
Potions
 f - a potion of resistance {unknown}
 h - a potion of curing {unknown}
Comestibles
 d - a ration
 g - 3 chunks of flesh


   Skills:
 + Level 1.4 Short Blades
 + Level 1.9 Dodging
 + Level 4.1 Stealth
 * Level 2.9 Spellcasting
 * Level 3.6 Hexes


You had 4 spell levels left.
You knew the following spells:

 Your Spells              Type           Power        Failure   Level  Hunger
a - Corona                Hex            ##.....      4%          1    #......
b - Confuse               Hex            ##......     14%         3    ###....

Your spell library contained the following spells:

 Spells                   Type           Power        Failure   Level  Hunger
 Ensorcelled Hibernation  Hex/Ice        #.....       14%         2    ##.....
 Tukima's Dance           Hex            ##......     14%         3    ###....
 Dazzling Spray           Conj/Hex       #.....       28%         3    ###....


Dungeon Overview and Level Annotations

Branches:
Dungeon (2/15)

Altars:


Innate Abilities, Weirdness & Mutations

You have extremely sharp teeth.
Your natural rate of healing is unusually fast.
When hurt, damage is shared between your health and your magic reserves.
Your bite disrupts and absorbs the magic of your enemies.
Potions cannot restore your health.
You are immune to rotting.


Message History

The gnoll is heavily wounded.
The gnoll hits you with a cursed +0 club!
Casting: Confuse (safe; 14% risk of failure)
Confirm with . or Enter, or press ? or * to list all spells.
You don't have enough magic to cast that spell.
You barely miss the gnoll. Your bite misses the gnoll.
The gnoll is heavily wounded.
The gnoll completely misses you.
You barely miss the gnoll.
The gnoll is heavily wounded.
You barely miss the gnoll. You bite the gnoll, but do no damage.
The gnoll is heavily wounded.
The gnoll closely misses you.
You hit the gnoll. Your bite misses the gnoll.
The gnoll is severely wounded.
The gnoll hits you with a cursed +0 club.
You hit the gnoll.
The gnoll is severely wounded.
The gnoll hits you with a cursed +0 club!
You die...

#..........#.............
#..........#.....>.......
#..........#.............
#..........#...........##
#..........#........<..#
#..........#...........#
#..........#...........#
#......)g(.# #.......@..#
#..........# #.......<..#
#..........#
##########..... #####


You could see a gnoll.

Vanquished Creatures
  2 gnolls (D:2)
  An ooze (D:1)
  A worm (D:2)
  3 leopard geckos (D:1)
  3 bats (D:1)
  3 goblins (D:1)
  2 hobgoblins (D:1)
  4 jackals (D:1)
  7 frilled lizards (D:1)
  3 kobolds
  4 rats
33 creatures vanquished.

Notes
Turn   | Place    | Note
-------+----------+-------------------------------------------
     0 | D:1      | Gynju the Vine Stalker Enchanter began the quest for the
                  | Orb.
     0 | D:1      | Reached XP level 1. HP: 9/9 MP: 4/4
   127 | D:1      | Reached skill level 1 in Short Blades
   222 | D:1      | Reached XP level 2. HP: 3/13 MP: 1/6
   826 | D:1      | Reached XP level 3. HP: 15/16 MP: 4/8
  1297 | D:1      | Learned a level 3 spell: Confuse
  1563 | D:2      | Reached skill level 4 in Stealth
  1814 | D:2      | Gained mutation: Your natural rate of healing is unusually
                  | fast. [Vine Stalker growth]
  1814 | D:2      | Reached XP level 4. HP: 11/21 MP: 2/9
  1828 | D:2      | Slain by a gnoll

Levels and vault maps discovered:
D:1:      zelgadis_glass_arrival_small, layout_basic
D:2:      minmay_razor_zed, layout_basic, first_ration

Skill      XL: |  1  2  3 |
---------------+----------+-----
Short Blades   | 1 |  1.4
Stealth        | 4 |  4.1
Dodging        | |  1.9
Spellcasting   | |  2.9
Hexes          | |  3.6

Action                   |  1- 3 |  4- 6 || total
-------------------------+-------+-------++-------
Melee: Dagger            |    99 |    14 ||   113
       Bite              |    21 |     2 ||    23
 Cast: Corona            |     6 |       ||     6
       Confuse           |     8 |       ||     8
 Stab: Sleeping          |     7 |       ||     7
       Confused          |     3 |       ||     3
  Eat: Chunk             |     4 |       ||     4
Armor: Robe              |    22 |       ||    22
Dodge: Dodged            |    66 |     6 ||    72

Table legend:
 A = Non-vault XP
 B = Vault XP
 C = Vault XP percentage of total XP
 D = Non-vault monster count
 E = Vault monster count
 F = Vault count percentage of total count
                 A         B        C        D         E       F
            +---------+---------+-------+---------+---------+-------
      Total |      86 |       0 |   0.0 |      33 |       0 |   0.0
            +---------+---------+-------+---------+---------+-------
        D:1 |      50 |       0 |   0.0 |      27 |       0 |   0.0
        D:2 |      36 |       0 |   0.0 |       6 |       0 |   0.0
            +---------+---------+-------+---------+---------+-------
